 Dungeon Crawl Stone Soup version 0.14-a0-3367-g7c2a7eb (webtiles) character file.

7 Sabsy the Scratcher (level 1, 0/9 HPs)
             Began as a Felid Transmuter on Mar 19, 2014.
             Slain by a hobgoblin
             ... wielding a +0,+0 club
              (5 damage)
             ... on Level 1 of the Dungeon.
             The game lasted 00:01:05 (107 turns).

Sabsy the Scratcher (Felid Transmuter)               Turns: 107, Time: 00:01:05

HP   0/9         AC  1     Str  6      XL: 1   Next: 91%
MP   3/4         EV 18     Int 14      God:
Gold 0           SH  0     Dex 16      Spells:  1 memorised,  3 levels left
Lives: 0, deaths: 0

rFire  . . .     SeeInvis +       - Unarmed
rCold  . . .     Clarity  .     (armour unavailable)
rNeg   . . .     Conserve .     (shield unavailable)
rPois  .         rCorr    .     (helmet unavailable)
rElec  .         rRot     .     (cloak unavailable)
SustAb . .       Spirit   .     (gloves unavailable)
rMut   .         Warding  .     (boots unavailable)
Saprov . . .     Stasis   .     (no amulet)
MR     .....                    (no ring)
                                (no ring)

@: appendage (expiring), quick, not resistant to hostile enchantments, fairly
stealthy
A: paw claws, no armour, no weapons or thrown items, fangs 3, horns 2, see
invisible, carnivore 3, speed 1, shaggy fur 1, slow metabolism 1, jump 1
a: Jump Attack, End Transformation


You were on level 1 of the Dungeon.
You were not hungry.
You had grown temporary horns.
You visited 1 branch of the dungeon, and saw 1 of its levels.

Inventory:

Missiles
 b - 12 arrows
 f - 8 needles of confusion
Comestibles
 a - a meat ration
Scrolls
 c - a scroll of teleportation {unknown}
 g - 2 scrolls of fear {unknown}
Potions
 e - 2 potions of curing {unknown}
Books
 d - a book of Changes

   Spells                             Type                      Level
   *Beastly Appendage                 Transmutation                1
   Sticks to Snakes                   Transmutation                2
   Spider Form                        Transmutation/Poison         3
   Ice Form                           Ice/Transmutation            4
   Blade Hands                        Transmutation                5


   Skills:
 - Level 1.0 Fighting
 + Level 3.0 Dodging
 + Level 0.4 Stealth
 + Level 3.2 Unarmed Combat
 + Level 2.1 Spellcasting
 + Level 2.2 Transmutations


You had 3 spell levels left.
You knew the following spells:

 Your Spells              Type           Power        Failure   Level  Hunger
a - Beastly Appendage     Trmt           #.....       12%         1    ##.....


Dungeon Overview and Level Annotations

Branches:
Dungeon (1/15)

Altars:


Innate Abilities, Weirdness & Mutations

You cannot wear armour.
You are incapable of wielding weapons or throwing items.
Your paws have sharp claws.
You have razor-sharp teeth.
You have supernaturally acute eyesight.
You are carnivorous and can eat meat at any time.
You cover ground quickly.
You are covered in fur (AC +1).
You have a slow metabolism.
You can jump attack at a short distance.
You have a pair of horns on your head.


Message History

f - 8 needles of confusion You can't grasp things well enough to throw them.
Your magical contamination has completely faded away.
Things that are here:
a short sword; a kobold corpse A ball python is nearby!
Casting: Beastly Appendage
Confirm with . or Enter, or press ? or * to list all spells.
You grow a pair of large bovine horns.
You scratch the ball python.
You kill the ball python!
Your transformation is almost over.
A hobgoblin comes into view. It is wielding a club.
The hobgoblin shouts!
You see here 2 scrolls labeled CEUDGH IWKEYJ.
You see here 2 scrolls labeled CEUDGH IWKEYJ.
g - 2 scrolls labeled CEUDGH IWKEYJ The hobgoblin hits you with a club.
Ouch! That really hurt!
You die...

#...........#..# #...
#...........#..# #...
###...........#..# #...
....8.....8...#..###...
#.#..............%.....
#......................
#...>...)(#(.........
..###.........(.######...
........@.......(........
......8g....8..).(..#####
.................%......
.....##.###........#####
.......................
... ######........#### .
#........# #........#
#........#


You could see a hobgoblin.

Vanquished Creatures
  A ball python (D:1)
  2 bats (D:1)
  2 goblins (D:1)
  A kobold (D:1)
  A rat (D:1)
7 creatures vanquished.

Notes
Turn   | Place    | Note
--------------------------------------------------------------
     0 | D:1      | Sabsy, the Felid Transmuter, began the quest for the Orb.
     0 | D:1      | Reached XP level 1. HP: 9/9 MP: 4/4
   107 | D:1      | Slain by a hobgoblin

Action                   || total
-------------------------++-------
Melee: Unarmed           ||    16
 Cast: Beastly Appendage ||     2
